 Dungeon Crawl Stone Soup version 0.21.1-1-g345015f (webtiles) character file.

248 tidbits the Grave Robber (level 6, 17/44 HPs)
             Began as a Gnoll Necromancer on June 21, 2018.
             Quit the game on level 5 of the Dungeon.
             The game lasted 00:06:14 (461 turns).

tidbits the Grave Robber (Gnoll Necromancer)         Turns: 461, Time: 00:06:16

Health: 17/44      AC:  3    Str: 10    XL:     6   Next: 12%
Magic:  13/13      EV: 15    Int: 19    God:
Gold:   39         SH:  0    Dex: 16    Spells: 7/15 levels left

rFire    . . .     SeeInvis .   d - +0 dagger (drain)
rCold    . . .     Gourm    .   (no shield)
rNeg     . . .     Faith    .   a - +0 robe
rPois    .         Spirit   .   (no helmet)
rElec    .         Reflect  .   (no cloak)
rCorr    .         Harm     .   (no gloves)
MR       .....                  (no boots)
Stlth    +++.......             (no amulet)
HPRegen  0.14/turn              (no ring)
MPRegen  0.13/turn              (no ring)

@: hasted, very quick
A: distributed training, fangs 1, shaggy fur 1, MP-powered wands, strong nose
a: no special abilities


You were on level 5 of the Dungeon.
You were not hungry.

You visited 1 branch of the dungeon, and saw 6 of its levels.

You collected 39 gold pieces.

Inventory:

Hand Weapons
 d - a +0 dagger of draining (weapon)
   (You took it off a goblin on level 2 of the Dungeon)
Missiles
 e - 4 tomahawks (quivered)
 p - 13 arrows
Armour
 a - a +0 robe (worn)
Wands
 k - a wand of iceblast (1)
Scrolls
 f - a scroll of fear {unknown}
 i - a scroll of teleportation
 j - a scroll of enchant armour {unknown}
 m - a scroll of amnesia {unknown}
 n - a scroll of blinking {unknown}
 r - a scroll of remove curse
Potions
 h - a potion of curing
 l - a potion of magic
Books
 b - a book of Necromancy

   Spells                             Type                      Level
   a - Pain                           Necromancy                   1
   b - Animate Skeleton               Necromancy                   1
   c - Vampiric Draining              Necromancy                   3
   d - Regeneration                   Charms/Necromancy            3
   e - Animate Dead                   Necromancy                   4
   f - Borgnjor's Vile Clutch         Necromancy/Earth             5
Comestibles
 c - 2 rations


   Skills:
 + Level 1.8 Fighting
 + Level 1.8 Short Blades
 + Level 1.8 Long Blades
 + Level 1.8 Axes
 + Level 1.8 Maces & Flails
 + Level 1.8 Polearms
 + Level 1.8 Staves
 + Level 1.8 Slings
 + Level 1.8 Bows
 + Level 1.8 Crossbows
 + Level 1.8 Throwing
 + Level 1.8 Armour
 + Level 4.9 Dodging
 + Level 4.5 Stealth
 + Level 1.8 Shields
 + Level 1.8 Unarmed Combat
 + Level 5.3 Spellcasting
 + Level 1.4 Conjurations
 + Level 1.4 Hexes
 + Level 1.4 Charms
 + Level 1.4 Summonings
 + Level 7.2 Necromancy
 + Level 1.4 Translocations
 + Level 1.4 Transmutations
 + Level 1.4 Fire Magic
 + Level 1.4 Ice Magic
 + Level 1.4 Air Magic
 + Level 1.4 Earth Magic
 + Level 1.4 Poison Magic
 + Level 2.0 Invocations
 + Level 1.8 Evocations


You had 7 spell levels left.
You knew the following spells:

 Your Spells              Type           Power        Failure   Level  Hunger
a - Pain                  Necr           ####         1%          1    None
d - Vampiric Draining     Necr           ####......   1%          3    ##.....
n - Animate Skeleton      Necr           N/A          1%          1    None
r - Regeneration          Chrm/Necr      ###.......   6%          3    ##.....


Dungeon Overview and Level Annotations

Branches:
Dungeon (6/15)
 Temple: D:4-7

Altars:
Elyvilon
Makhleb

Annotations:
D:5 1 transporter


Innate Abilities, Weirdness & Mutations

Your experience applies equally to all skills.
You have very sharp teeth.
Your uncanny sense of smell can sniff out nearby items.
You are covered in fur. (AC +1)
You expend magic power (3 MP) to strengthen your wands.


Message History

n - a scroll labeled MORUBR MUNNIQONE You see here 13 arrows.
p - 13 arrows
Found 26 gold pieces.
Found a white marble altar of Elyvilon.
Found five items.
Found a transporter.
Press: ? - help, v - describe, . - travel A transporter landing site.
Found 12 gold pieces.
Found a transporter.
A hound comes into view.
Unknown command.
Found 10 gold pieces.
There is a transporter here.
You enter the transporter and appear at another place.
A leopard gecko zombie comes into view.
Unknown command.
It was a potion of magic.
Magic courses through your body.
The leopard gecko zombie closely misses you.
It was a potion of curing.
You feel better.
The leopard gecko zombie closely misses you.
It was a potion of mutation.
You feel extremely strange.
You feel your magical essence link to your wands.
Fur sprouts all over your body.
The leopard gecko zombie closely misses you.
It was a potion of haste.
You feel yourself speed up. The leopard gecko zombie bites you.
Wield which item (- for none, * to show all)? (? for menu, Esc to quit)
Okay, then.
You hit the leopard gecko zombie.
The leopard gecko zombie is moderately damaged.
The leopard gecko zombie barely misses you.
You closely miss the leopard gecko zombie.
You bite the leopard gecko zombie, but do no damage.
The leopard gecko zombie is moderately damaged.
The leopard gecko zombie bites you but does no damage.
The phantom blinks!
You hit the leopard gecko zombie.
You bite the leopard gecko zombie, but do no damage.
The leopard gecko zombie is heavily damaged.
You closely miss the leopard gecko zombie.
The leopard gecko zombie is heavily damaged.
The leopard gecko zombie completely misses you.
You hit the leopard gecko zombie. You bite the leopard gecko zombie.
The leopard gecko zombie is almost destroyed.
You barely miss the phantom. You hit the phantom.
The phantom is lightly damaged.
You hit the phantom but do no damage.
The phantom is lightly damaged.
You hit the phantom but do no damage. Your bite misses the phantom.
The phantom is lightly damaged.
The phantom hits you!
You barely miss the phantom.
The phantom is lightly damaged.
The phantom barely misses you.
You barely miss the phantom.
The phantom is lightly damaged.
You hit the phantom but do no damage.
The phantom is lightly damaged.
The phantom hits you!
You hit the phantom.
The phantom is lightly damaged.
You hit the phantom.
The phantom is lightly damaged.
The phantom completely misses you.
You hit the phantom but do no damage.
The phantom is lightly damaged.
You barely miss the phantom.
The phantom is lightly damaged.
The phantom completely misses you.
Unknown command.
You closely miss the phantom.
The phantom is lightly damaged.
The phantom closely misses you.
You barely miss the phantom.
The phantom is lightly damaged.
The hound barks!
You hit the phantom but do no damage.
The phantom is lightly damaged.
The phantom misses you.
You hit the phantom.
The phantom is lightly damaged.
The phantom blinks!
The centaur zombie hits you.
The leopard gecko zombie barely misses you.
Unknown command.
You closely miss the leopard gecko zombie.
The leopard gecko zombie is almost destroyed.
The centaur zombie completely misses you.
You hit the leopard gecko zombie.
You destroy the leopard gecko zombie!
The phantom hits you.
* * * LOW HITPOINT WARNING * * *
The phantom blinks!
You hit the centaur zombie.
The centaur zombie is lightly damaged.
The centaur zombie hits you.
* * * LOW HITPOINT WARNING * * *
Are you sure you want to abandon this character and quit the game? (Confirm with "yes".)

##..............#
#................####
...............©.....
#..........#########.
##....###.##8$._.$8##
# ##... #.#..[[W![.
.# #... #.#.##...#
#.# #..
#.#.##...##.#.# ##.
#h#©@Z......#.#
#.#.##§..##.#.#
#.#.##.©.##.#.#
#.#......$..#.#
#.##8.....8##.#
#..#########..#
#...#.....©.....##
#...#####...#####
#..# ##.##


You could see a hound and a centaur zombie.

Vanquished Creatures
  A gnoll shaman (D:6)
  An orc wizard (D:5)
  3 worker ants
  5 gnolls (D:6)
  4 adders
  A shadow imp (D:5)
  A worm (D:5)
  A dart slug (D:2)
  A leopard gecko (D:5)
  2 orcs (D:5)
  A hobgoblin (D:2)
  2 frilled lizards
  3 goblins (D:2)
  A leopard gecko zombie (D:5)
  A quokka skeleton (D:4)
  5 rats
33 creatures vanquished.

Notes
Turn   | Place    | Note
-------+----------+-------------------------------------------
     0 | D:1      | tidbits the Gnoll Necromancer began the quest for the Orb.
     0 | D:1      | Reached XP level 1. HP: 13/13 MP: 6/6
    60 | D:2      | Reached XP level 2. HP: 10/19 MP: 1/7
    63 | D:2      | Learned a level 1 spell: Animate Skeleton
   103 | D:2      | You fall through a shaft for 2 floors!
   109 | D:4      | Reached skill level 5 in Spellcasting
   109 | D:4      | Reached XP level 3. HP: 14/25 MP: 3/9
   114 | D:4      | Learned a level 3 spell: Regeneration
   115 | D:4      | Reached skill level 1 in Invocations
   155 | D:4      | Found a burning altar of Makhleb.
   180 | D:4      | Learned a level 3 spell: Vampiric Draining
   181 | D:5      | Entered Level 5 of the Dungeon
   194 | D:5      | Reached skill level 1 in Fighting
   194 | D:5      | Reached skill level 1 in Short Blades
   194 | D:5      | Reached skill level 1 in Long Blades
   194 | D:5      | Reached skill level 1 in Axes
   194 | D:5      | Reached skill level 1 in Maces & Flails
   194 | D:5      | Reached skill level 1 in Polearms
   194 | D:5      | Reached skill level 1 in Staves
   194 | D:5      | Reached skill level 1 in Slings
   194 | D:5      | Reached skill level 1 in Bows
   194 | D:5      | Reached skill level 1 in Crossbows
   194 | D:5      | Reached skill level 1 in Throwing
   194 | D:5      | Reached skill level 1 in Armour
   194 | D:5      | Reached skill level 1 in Shields
   194 | D:5      | Reached skill level 1 in Unarmed Combat
   194 | D:5      | Reached skill level 1 in Evocations
   194 | D:5      | Reached XP level 4. HP: 16/32 MP: 3/11
   230 | D:6      | Reached skill level 1 in Conjurations
   230 | D:6      | Reached skill level 1 in Hexes
   230 | D:6      | Reached skill level 1 in Charms
   230 | D:6      | Reached skill level 1 in Summonings
   230 | D:6      | Reached skill level 1 in Translocations
   230 | D:6      | Reached skill level 1 in Transmutations
   230 | D:6      | Reached skill level 1 in Fire Magic
   230 | D:6      | Reached skill level 1 in Ice Magic
   230 | D:6      | Reached skill level 1 in Air Magic
   230 | D:6      | Reached skill level 1 in Earth Magic
   230 | D:6      | Reached skill level 1 in Poison Magic
   231 | D:6      | Reached XP level 5. HP: 32/37 MP: 5/12
   242 | D:6      | HP: 3/37 [shot self (17)]
   373 | D:5      | Found a glowing drain.
   384 | D:5      | Reached XP level 6. HP: 36/44 MP: 10/13
   385 | D:5      | Reached skill level 2 in Invocations
   406 | D:5      | Found a white marble altar of Elyvilon.
   410 | D:5      | Found a transporter.
   411 | D:5      | Noticed a phantom
   416 | D:5      | Found a transporter.
   434 | D:5      | Gained mutation: You expend magic power (3 MP) to strengthen your wands. [potion of mutation]
   434 | D:5      | Gained mutation: You are covered in fur. (AC +1) [potion of mutation]
   461 | D:5      | Quit the game

Skill      XL: |  1  2  3  4  5  6 |
---------------+-------------------+-----
Spellcasting   | 5 |  5.3
Invocations    | 1 2 |  2.0
Fighting       | 1 |  1.8
Short Blades   | 1 |  1.8
Long Blades    | 1 |  1.8
Axes           | 1 |  1.8
Maces & Flails | 1 |  1.8
Polearms       | 1 |  1.8
Staves         | 1 |  1.8
Slings         | 1 |  1.8
Bows           | 1 |  1.8
Crossbows      | 1 |  1.8
Throwing       | 1 |  1.8
Armour         | 1 |  1.8
Shields        | 1 |  1.8
Unarmed Combat | 1 |  1.8
Evocations     | 1 |  1.8
Conjurations   | 1 |  1.4
Hexes          | 1 |  1.4
Charms         | 1 |  1.4
Summonings     | 1 |  1.4
Translocations | 1 |  1.4
Transmutations | 1 |  1.4
Fire Magic     | 1 |  1.4
Ice Magic      | 1 |  1.4
Air Magic      | 1 |  1.4
Earth Magic    | 1 |  1.4
Poison Magic   | 1 |  1.4
Dodging        | |  4.9
Stealth        | |  4.5
Necromancy     | |  7.2

Action                   |  1- 3 |  4- 6 || total
-------------------------+-------+-------++-------
Melee: Dagger            |    13 |    57 ||    70
       Bite              |     2 |     6 ||     8
 Cast: Pain              |    17 |    14 ||    31
       Regeneration      |     1 |     3 ||     4
Evoke: Wand              |     1 |     7 ||     8
  Use: Scroll            |       |     2 ||     2
       Potion            |       |     4 ||     4
 Stab: Sleeping          |     1 |     1 ||     2
Armor: Robe              |       |     3 ||     3
Dodge: Dodged            |     9 |    32 ||    41

Table legend:
 A = Turns spent in this place as a percentage of turns spent in the entire game.
 B = Non-inter-level travel turns spent in this place as a percentage of non-inter-level travel turns spent in the entire game.
 C = Inter-level travel turns spent in this place as a percentage of turns spent in this place.
 D = Turns resting spent in this place as a percentage of non-inter-level travel turns spent in this place.
 E = Turns spent auto-exploring this place as a percentage of non-inter-level travel turns spent in this place.
 F = Non-inter-level travel turns spent in this place divided by the number of levels of this place that you've seen.
                   A       B       C       D       E      F
               +-------+-------+-------+-------+-------+----------------------
         Total | 100.0 | 100.0 |   0.0 |   0.0 |   0.0 |  76.8
       Dungeon | 100.0 | 100.0 |   0.0 |   0.0 |   0.0 |  76.8
               +-------+-------+-------+-------+-------+----------------------

Table legend:
 A = Kills in this place as a percentage of kills in entire the game.
 B = Kills by you in this place as a percentage of kills by you in the entire game.
 C = Kills by friends in this place as a percentage of kills by friends in the entire game.
 D = Other kills in this place as a percentage of other kills in the entire game.
 E = Experience gained in this place as a percentage of experience gained in the entire game.
 F = Experience gained in this place divided by the number of levels of this place that you have seen.
                   A       B       C       D       E      F
               +-------+-------+-------+-------+-------+----------------------
         Total | 100.0 | 100.0 |   N/A |   N/A | 100.0 |  59.2
       Dungeon | 100.0 | 100.0 |   N/A |   N/A | 100.0 |  59.2
               +-------+-------+-------+-------+-------+----------------------

Vault maps used:
D:1:      minmay_arrival_split_and_join, minmay_splitting_lines,
          minmay_heptomino_d4
D:2:      overflow_temple_1_default, gammafunk_temple_overflow_elements,
          uniq_terence, uniq_robin
D:3:      lemuel_doored_altar, first_ration, chequers_ecumenical_altar_simple,
          lightli_corner_chamber
D:4:      marbit_many_paths, old_standard_altar
D:5:      gammafunk_temple_overflow_arena, gup_sewer_entry_spiral,
          uniq_crazy_yiuf_cottage
D:6:      trog_wizard
